 Dungeon Crawl Stone Soup version 0.30-a0-305-g026cb31310 (webtiles) character file.

Game seed: 9799609584393716021

2 EdirashGloemor the Trooper (level 1, -1/19 HPs)
             Began as a Barachi Cinder Acolyte on Oct 23, 2022.
             Was a High Priest of Ignis.
             Slain by a ball python (2 damage)
             ... on level 1 of the Dungeon.
             The game lasted 00:01:11 (48 turns).

EdirashGloemor the Trooper (Barachi Cinder Acolyte)   Turns: 48, Time: 00:01:11

Health: -1/19      AC:  2    Str: 15    XL:     1   Next: 30%
Magic:  2/2        EV:  8    Int: 14    God:    Ignis [*****.]
Gold:   0          SH:  0    Dex:  7    Spells: 2/2 levels left

rFire   + . .      SeeInvis .    a - -1 mace (flame)
rCold   . . .      Faith    .    (no shield)
rNeg    . . .      Spirit   .    b - +0 robe
rPois   .          Reflect  .    (no helmet)
rElec   .          Harm     .    (no cloak)
rCorr   .          Rampage  .    (no gloves)
Will    .....                    (no boots)
Stlth   +.........               (no amulet)
HPRegen 0.23/turn                (no ring)
MPRegen 0.08/turn                (no ring)

@: constricted, slow
A: amphibious, slowness 1, strong legs 1, +LOS
a: Hop, Renounce Religion, Fiery Armour, Foxfire Swarm, Rising Flame


You were on level 1 of the Dungeon.
You worshipped Ignis.
Ignis was extremely pleased with you.
You visited 1 branch of the dungeon, and saw 1 of its levels.


Innate Abilities, Weirdness & Mutations

You are amphibious.
You cover ground slowly.
You can hop short distances.
You have an extended range of vision and can be seen from far away.


   Skills:
 + Level 3.6 Fighting
 + Level 3.3 Maces & Flails
 + Level 0.1 Armour
 + Level 1.1 Spellcasting
 + Level 3.3 Fire Magic


You had 2 spell levels left.
You didn't know any spells.
Your spell library contained the following spells:

 Spells                   Type           Power      Damage    Failure   Level
 Scorch                   Fire           20%        2d6       10%         2
 Call Canine Familiar     Summ           0%         N/A       61%         3
 Portal Projectile        Hex/Tloc       0%         N/A       61%         3
 Leda's Liquefaction      Hex/Erth       0%         N/A       95%         4

Inventory:

Hand Weapons
 a - a -1 mace of flaming (weapon)
Armour
 b - a +0 robe (worn)

Dungeon Overview and Level Annotations

Branches:
Dungeon (1/15) Zot: 5941

Altars:

... #.# #... #[#
.... #.# ..#.# #.#
###.##.########.#
..........†....##
~~
##.###.###.####..[
~~≈≈. #SB###.###.#
##..
P≈≈≈..##@##.......#
#..
≈≈≈~......#.......#
#..
~≈≈~..............#
+..
≈≈≈P......).......#
#..
~≈≈~......#.......#
###
≈≈≈....#...##.#####
~≈~P...##......#
~≈≈~... ##.#...#
.≈~.... #.#.#..


You could see a giant cockroach and a ball python.


Message History

You take 3 damage, and have 6/19 hp.
You closely miss the giant cockroach. The giant cockroach barely misses you.
The ball python bites you.
* * * LOW HITPOINT WARNING * * *
The ball python constricts you.
* * * LOW HITPOINT WARNING * * *
You take 1 damage, and have 5/19 hp.
You barely miss the giant cockroach. The giant cockroach barely misses you.
The ball python bites you but does no damage.
The ball python constricts you.
* * * LOW HITPOINT WARNING * * *
The giant cockroach bites you but does no damage.
The ball python completely misses you. The ball python constricts you.
* * * LOW HITPOINT WARNING * * *
You take 2 damage, and have 3/19 hp.
You closely miss the giant cockroach.
The giant cockroach bites you but does no damage.
The ball python barely misses you. The ball python constricts you.
You hit the ball python but do no damage.
The giant cockroach bites you.
* * * LOW HITPOINT WARNING * * *
The ball python bites you but does no damage.
The ball python constricts you.
The giant cockroach bites you but does no damage.
You take 1 damage, and have 2/19 hp.
You barely miss the ball python. The ball python bites you.
* * * LOW HITPOINT WARNING * * *
The ball python constricts you. The giant cockroach closely misses you.
The ball python bites you.
You die...

Action                   || total
-------------------------++-------
Melee: Mace              ||    18
Armor: Robe              ||    11
Dodge: Dodged            ||    13

Levels and vault maps discovered:
D:1:      dpeg_arrival_houses_and_road, layout_rooms, supply_closet_lemuel,
          chequers_big_river, wad_floor_pattern_untrapped

Notes
Turn   | Place    | Note
-------+----------+-------------------------------------------
     0 | D:1      | EdirashGloemor the Barachi Cinder Acolyte began the quest
                  | for the Orb.
     0 | D:1      | Reached XP level 1. HP: 18/18 MP: 2/2
    45 | D:1      | HP: 4/19 [constriction (1)]
    48 | D:1      | HP: 1/19 [ball python (2)]
    48 | D:1      | Slain by a ball python

Vanquished Creatures
  A goblin (D:1)
  A rat (D:1)
2 creatures vanquished.

Table legend: (Time is in decaauts)
 A = Elapsed time spent in this place.
 B = Non-inter-level travel time spent in this place.
 C = Inter-level travel time spent in this place.
 D = Time resting spent in this place.
 E = Time spent auto-exploring this place.
 F = Levels seen in this place.
 G = Mean time per level.
                   A        B        C        D        E       F      G
               +--------+--------+--------+--------+--------+-----+--------+
         Total |     57 |     57 |      0 |      0 |     17 |   1 |   57.0 |
       Dungeon |     57 |     57 |      0 |      0 |     17 |   1 |   57.0 |
               +--------+--------+--------+--------+--------+-----+--------+

Top non-repeatable levels by time:
     D:1: 57 daAuts

Table legend:
 A = Kills in this place as a percentage of kills in entire the game.
 B = Kills by you in this place as a percentage of kills by you in the entire game.
 C = Kills by friends in this place as a percentage of kills by friends in the entire game.
 D = Other kills in this place as a percentage of other kills in the entire game.
 E = Experience gained in this place as a percentage of experience gained in the entire game.
 F = Experience gained in this place divided by the number of levels of this place that you have seen.
                   A       B       C       D       E      F
               +-------+-------+-------+-------+-------+----------------------
         Total | 100.0 | 100.0 |   N/A |   N/A | 100.0 |   3.0
       Dungeon | 100.0 | 100.0 |   N/A |   N/A | 100.0 |   3.0
               +-------+-------+-------+-------+-------+----------------------

Table legend:
 A = Non-vault XP
 B = Vault XP
 C = Vault XP percentage of total XP
 D = Non-vault monster count
 E = Vault monster count
 F = Vault count percentage of total count
                 A         B        C        D         E       F
            +---------+---------+-------+---------+---------+-------
      Total |       3 |       0 |   0.0 |       2 |       0 |   0.0
            +---------+---------+-------+---------+---------+-------
        D:1 |       3 |       0 |   0.0 |       2 |       0 |   0.0
            +---------+---------+-------+---------+---------+-------
